 Dungeon Crawl Stone Soup version 0.18-b1-22-ge198996 (webtiles) character file.

1849 Jorlmund the Cudgeler (level 8, -4/64 HPs)
             Began as a Demonspawn Berserker on May 3, 2016.
             Was an Elder of Trog.
             Slain by an ogre
             ... wielding a +0 giant club
              (22 damage)
             ... on level 7 of the Dungeon.
             The game lasted 00:17:57 (7139 turns).

Jorlmund the Cudgeler (Demonspawn Berserker)        Turns: 7139, Time: 00:17:58

Health: -4/64      AC: 19    Str: 20    XL:     8   Next: 88%
Magic:  8/8        EV:  8    Int:  9    God:    Trog [****..]
Gold:   369        SH:  0    Dex: 12    Spells: 0 memorised, 7 levels left

rFire  . . .     SeeInvis .     z - +3 flail (protect)
rCold  . . .     Gourm    .     k - +0 chain mail
rNeg   . . .     Faith    .     (no shield)
rPois  .         Spirit   .     (helmet restricted)
rElec  .         Dismiss  .     (no cloak)
rCorr  .         Reflect  .     l - +0 pair of gloves
SustAt +         Harm     .     (no boots)
MR     .....                    (no amulet)
Stlth  ..........               (no ring)
                                n - ring of sustain attributes

@: not resistant to hostile enchantments, extremely unstealthy
A: antennae 1, thin metallic scales 2
a: Berserk, Trog's Hand, Brothers in Arms, Burn Spellbooks, Renounce Religion


You were on level 7 of the Dungeon.
You worshipped Trog.
Trog was greatly pleased with you.
You were not hungry.

You visited 1 branch of the dungeon, and saw 7 of its levels.
You also visited: Sewer.

You collected 369 gold pieces.

Inventory:

Hand Weapons
 a - a +0 mace
 z - a +3 flail of protection (weapon)
 A - a +0 morningstar
 D - a +0 shortbow
Missiles
 f - 208 arrows
 y - 7 poisoned needles
Armour
 b - a +0 animal skin
 i - a +0 leather armour
 k - a +0 chain mail (worn)
 l - a +0 pair of gloves (worn)
 E - a +0 buckler
Jewellery
 n - a ring of sustain attributes (left hand)
Wands
 p - a wand of lightning (8/15)
 u - a wand of confusion (10/48)
 G - a wand of polymorph (10/24)
 I - a wand of enslavement (9/24)
 J - a wand of disintegration (11/24)
Scrolls
 d - 6 scrolls of remove curse {unknown}
 j - a scroll of amnesia {unknown}
 m - 5 scrolls of identify {unknown}
 o - 2 scrolls of magic mapping {unknown}
 t - a scroll of holy word {unknown}
 B - a scroll of blinking {unknown}
 F - 4 scrolls of teleportation {unknown}
Potions
 e - a potion of curing
 h - 2 potions of invisibility
 q - 4 potions of heal wounds {unknown}
 r - a potion of magic {unknown}
 v - a potion of ambrosia {unknown}
 w - 2 potions of haste {unknown}
 H - a potion of degeneration {unknown}
Comestibles
 c - 7 bread rations
 g - 6 meat rations
 x - 2 fruits
 C - a beef jerky


   Skills:
 + Level 5.8 Fighting
 * Level 7.6 Maces & Flails
 + Level 6.5 Armour
 - Level 1.7 Dodging


You had 7 spell levels left.
You didn't know any spells.

Dungeon Overview and Level Annotations

Branches:
Dungeon (7/15)
 Temple: D:4-7

Altars:
Cheibriados
Dithmenos
Pakellas
Yredelemnul


Innate Abilities, Weirdness & Mutations

You have a pair of small antennae on your head.
You are mostly covered in thin metallic scales (AC +3).


Message History

You kill the orc priest!
Trog accepts your kill.
You barely miss the giant gecko.
The giant gecko bites you but does no damage.
The giant gecko barely misses you.
You sock the giant gecko!
You kill the giant gecko!
Trog accepts your kill.
You barely miss the ogre. The ogre hits you with a giant club!
You barely miss the ogre. The ogre hits you with a giant club!
* * * LOW HITPOINT WARNING * * *
You are starving!
There is a stone staircase leading up here.
Okay, then.
You're too hungry.
Unknown command.
Eat which item? (? for menu, Esc to quit)
You continue eating.
The ogre hits you with a giant club!!
You die...

#.# #.#.##.##.#. #.#
#.#.......#. ####.#
#......####. #....#
###.#### #. #.####
.... #. #.# #.... #.
####.#### #.... ##
#.......## #..... #
#.....@..# #... #
#..#.##O.# #
#..#..#o.# #
#..##.#..# ########
#.......o# #......#
##.......###
#.####.#
####......###.####.#
####...o.o....#.###
#...###.##......


You could see an ogre and 2 orcs.

Vanquished Creatures
  Eustachio (D:6)
  Edmund (D:4)
  2 phantoms
  4 ogres
  A centaur (D:7)
  A crocodile (Sewer)
  2 giant frogs
  A scorpion (D:6)
  A howler monkey (D:5)
  A crimson imp (D:5)
  A centaur zombie (D:6)
  4 orc priests
  2 iguanas (D:7)
  Ijyb (D:2)
  Natasha (twice) (D:2)
  3 orc wizards
  A worker ant (D:4)
  3 hound skeletons
  A worker ant zombie (D:6)
  4 gnolls (D:4)
  6 adders
  A shadow imp (D:5)
  2 oozes
  4 worms
  6 giant geckos
  17 orcs
  6 bats
  13 giant cockroaches
  9 goblins
  11 hobgoblins
  6 kobolds
  2 quokkas
  A ball python (D:4)
  4 giant newts
  A jackal skeleton (D:4)
  A quokka skeleton (D:4)
  7 rats
134 creatures vanquished.

Vanquished Creatures (others)
  A lightning spire (D:3)
  2 bushes (D:3)
3 creatures vanquished.

Grand Total: 137 creatures vanquished

Notes
Turn   | Place    | Note
--------------------------------------------------------------
     0 | D:1      | Jorlmund the Demonspawn Berserker began the quest for the Orb.
     0 | D:1      | Reached XP level 1. HP: 18/18 MP: 1/1
   131 | D:1      | Reached skill level 3 in Maces & Flails
   398 | D:1      | Gained mutation: You are partially covered in thin metallic scales (AC +2). [demonic ancestry]
   398 | D:1      | Reached XP level 2. HP: 24/24 MP: 2/2
  1013 | D:1      | Gained mutation: You have a pair of small antennae on your head. [demonic ancestry]
  1013 | D:1      | Reached XP level 3. HP: 25/29 MP: 3/3
  1060 | D:1      | Reached ** piety under Trog
  1715 | D:2      | Noticed Natasha
  1729 | D:2      | Killed Natasha
  1729 | D:2      | Reached skill level 4 in Maces & Flails
  1729 | D:2      | Reached XP level 4. HP: 35/36 MP: 4/4
  1781 | D:2      | Noticed Natasha
  1792 | D:2      | Killed Natasha
  2049 | D:2      | You fall through a shaft for 2 floors!
  2057 | D:3      | Noticed Ijyb
  2220 | D:2      | Killed Ijyb
  2220 | D:2      | Reached XP level 5. HP: 42/42 MP: 5/5
  2477 | D:3      | Reached *** piety under Trog
  2720 | D:3      | You fall through a shaft for 2 floors!
  2720 | D:5      | Entered Level 5 of the Dungeon
  2786 | D:5      | Found a shadowy altar of Dithmenos.
  2942 | D:5      | Noticed an ogre
  2947 | D:5      | Killed an ogre
  2947 | D:5      | Gained mutation: You are mostly covered in thin metallic scales (AC +3). [demonic ancestry]
  2947 | D:5      | Reached XP level 6. HP: 48/48 MP: 6/6
  3025 | D:5      | Found a glowing drain.
  3186 | Sewer    | Entered a sewer
  3336 | Sewer    | Reached skill level 5 in Maces & Flails
  3601 | D:5      | Reached XP level 7. HP: 17/55 MP: 7/7
  4479 | D:4      | Reached skill level 5 in Armour
  4488 | D:4      | Noticed Edmund
  4513 | D:4      | Killed Edmund
  4786 | D:4      | Reached skill level 5 in Fighting
  4892 | D:4      | Reached XP level 8. HP: 38/62 MP: 8/8
  4895 | D:4      | Reached **** piety under Trog
  5097 | D:4      | Found a basalt altar of Yredelemnul.
  5223 | D:4      | Reached skill level 6 in Maces & Flails
  5958 | D:3      | Found an oddly glowing altar of Pakellas.
  5959 | D:3      | Noticed a fire dragon
  6483 | D:6      | Noticed Eustachio
  6517 | D:6      | Killed Eustachio
  6517 | D:6      | Reached skill level 7 in Maces & Flails
  6805 | D:7      | Found a snail-covered altar of Cheibriados.
  7139 | D:7      | Slain by an ogre

Skill      XL: |  1  2  3  4  5  6  7  8 |
---------------+-------------------------+-----
Maces & Flails | 3 4 5 7 |  7.6
Armour         | 2 3 4 5 6 |  6.5
Fighting       | 4 5 |  5.8
Dodging        | |  1.7

Action                   |  1- 3 |  4- 6 |  7- 9 || total
-------------------------+-------+-------+-------++-------
Melee: Mace              |    99 |   225 |    85 ||   409
       Flail             |       |       |   183 ||   183
Invok: Berserk           |     2 |     5 |     4 ||    11
       Trog's Hand       |       |     1 |       ||     1
  Use: Potion            |       |     1 |       ||     1
 Stab: Sleeping          |     1 |       |       ||     1
  Eat: Chunk             |     5 |    10 |    11 ||    26
       Fruit             |       |       |     1 ||     1
       Beef jerky        |       |       |     1 ||     1
       Royal jelly       |       |       |     1 ||     1
       Pizza             |       |       |     1 ||     1
Armor: Leather armour    |    19 |       |       ||    19
       Chain mail        |     5 |   188 |   259 ||   452
Dodge: Dodged            |    64 |   111 |   152 ||   327
